 Dungeon Crawl Stone Soup version 0.29-a0-813-g4a14ea37d6 (webtiles) character file.

Game seed: 1167827545355713444

1918 crusatyr the Cleaver (level 9, -1/63 HPs)
             Began as a Human Berserker on July 4, 2022.
             Was a Priest of Trog.
             Slain by an ogre
             ... wielding a +0 giant club
              (23 damage)
             ... on level 6 of the Dungeon.
             The game lasted 00:09:40 (5147 turns).

crusatyr the Cleaver (Human Berserker)              Turns: 5147, Time: 00:09:41

Health: -1/63      AC: 10    Str: 26    XL:     9   Next: 39%
Magic:  9/9        EV:  9    Int: 13    God:    Trog [***...]
Gold:   276        SH:  0    Dex: 12    Spells: 8/8 levels left

rFire   . . .      SeeInvis .   B - +6 hand axe "Wuxif" {holy, rPois rN+ Int+4}
rCold   + . .      Faith    .   h - orb {light}
rNeg    + + .      Spirit   .   c - +0 chain mail
rPois   +          Reflect  .   (no helmet)
rElec   .          Harm     .   (no cloak)
rCorr   .          Rampage  .   b - +0 pair of gloves
Will    .....                   C - +0 pair of boots "Coofa" {rC+ rN+ Str+5}
Stlth   ..........              k - amulet of regeneration
HPRegen 1.00/turn               (no ring)
MPRegen 0.11/turn               (no ring)

@: glowing
A: no striking features
a: Renounce Religion, Berserk, Trog's Hand


You were on level 6 of the Dungeon.
You worshipped Trog.
Trog was most pleased with you.
You visited 1 branch of the dungeon, and saw 6 of its levels.

You collected 276 gold pieces.

Inventory:

Hand Weapons
 g - a +0 flail of venom
 s - a +2 vampiric hand axe
 x - a +2 whip of electrocution
 y - a +0 morningstar
 B - the +6 hand axe "Wuxif" (weapon) {holy, rPois rN+ Int+4}
   (You found it on level 5 of the Dungeon)

   It has been blessed by the Shining One to cause great damage to the undead
   and demons.
   Int:       It affects your intelligence (+4).
   rPois:     It protects you from poison.
   rN:        It protects you from negative energy.
Armour
 b - a +0 pair of gloves (worn)
 c - a +0 chain mail (worn)
 h - an orb of light (worn)
 C - the +0 pair of boots "Coofa" (worn) {rC+ rN+ Str+5}
   (You found it on level 5 of the Dungeon)

   Str:       It affects your strength (+5).
   rC:        It protects you from cold.
   rN:        It protects you from negative energy.
Jewellery
 k - an amulet of regeneration (around neck)
 q - a ring of ice
 z - a ring of protection from cold
Wands
 n - a wand of quicksilver (12)
 v - a wand of digging (4)
 D - a wand of mindburst (15)
Scrolls
 a - 2 scrolls of fear
 i - a scroll of poison
 j - a scroll of fog {unknown}
 p - 3 scrolls of teleportation {unknown}
 r - 2 scrolls of vulnerability
 t - a scroll of noise {unknown}
 u - a scroll of enchant weapon {unknown}
 w - a scroll of enchant armour {unknown}
 A - a scroll of blinking {unknown}
Potions
 d - 4 potions of curing
 e - a potion of mutation {unknown}
 f - a potion of haste {unknown}
 l - a potion of resistance {unknown}
 m - a potion of berserk rage {unknown}
 o - 3 potions of attraction


   Skills:
 - Level 3.0 Fighting
 + Level 12.0 Axes
 - Level 2.0 Armour
 - Level 2.0 Dodging


You had 8 spell levels left.
You didn't know any spells.
Your spell library was empty.

Dungeon Overview and Level Annotations

Branches:
Dungeon (6/15)
 Temple: D:4-7

Altars:
Ashenzari
Sif Muna

Shops:
D:2 !


Message History

Done exploring.
Done exploring.
Search for what [Enter for "."]? .
Items here: )) [[.
You see here the +0 pair of boots "Coofa" {rC+ rN+ Str+5}.
C - the +0 pair of boots "Coofa" {rC+ rN+ Str+5} You start putting on your armour.
You continue putting on the +0 pair of boots "Coofa" {rC+ rN+ Str+5}. x4
You finish putting on the +0 pair of boots "Coofa" {rC+ rN+ Str+5}.
You feel stronger.
There is a stone staircase leading down here.
You climb downwards.
There is a stone staircase leading up here.
D - a wand of mindburst (15)
Found a stone staircase leading down.
There is a stone staircase leading down here.
a - 2 scrolls of fear (gained 1)
Found a sling.
Found a war axe.
Found 7 stones.
You see here a +0 war axe.
p - 3 scrolls labelled IMNUJI GEAWO (gained 1)
An ogre comes into view. It is wielding a +0 giant club.
You hit the ogre.
The ogre is lightly wounded.
You hit the ogre.
The ogre is moderately wounded.
The ogre hits you with a +0 giant club!
You slash the ogre!
The ogre is severely wounded.
You completely miss the ogre.
The ogre is severely wounded.
The ogre hits you with a +0 giant club!!
You are too injured to fight recklessly!
You hit the ogre.
The ogre is severely wounded.
You hit the ogre.
The ogre is almost dead.
The ogre hits you with a +0 giant club!!
You die...

..## ######.......#
##. #.............
#.#####.......#.#.#.
..#...........#.#.#.
#.###.......#...#.
#.# #.......##..#.
#.# #.####......#.
#.# #.#####.......
#@# #.##.......###
#....O..##.##.##.####
........###.## #.#
.##.##.## #.. ..# #
#. ... #### .. ### #.
#.


You could see an ogre.

Vanquished Creatures
  Pikel (D:5)
  Prince Ribbit (D:5)
  Eustachio (D:4)
  Menkaure (D:4)
  An ogre (D:4)
  A phantom (D:4)
  4 lemures (D:5)
  A necrophage (D:4)
  2 scorpions (D:5)
  5 wights (D:5)
  2 hounds
  An orc priest (D:4)
  2 jellies
  Jessica (D:2)
  Robin (D:2)
  8 adders
  A shadow imp (D:5)
  A white imp (D:3)
  A worm (D:2)
  5 dart slugs
  5 orcs
  9 endoplasms
  13 giant cockroaches
  16 goblins
  7 hobgoblins
  3 quokkas
  8 ball pythons
  8 bats
  A frilled lizard (D:2)
  6 kobolds
  2 rats (D:3)
119 creatures vanquished.

Notes
Turn   | Place    | Note
-------+----------+-------------------------------------------
     0 | D:1      | crusatyr the Human Berserker began the quest for the Orb.
     0 | D:1      | Reached XP level 1. HP: 18/18 MP: 1/1
   240 | D:1      | Reached XP level 2. HP: 21/24 MP: 2/2
   718 | D:1      | Found a faded altar of an unknown god.
   796 | D:1      | Found a broken altar of Ashenzari.
   865 | D:2      | Reached skill level 4 in Axes
   865 | D:2      | Reached XP level 3. HP: 22/29 MP: 3/3
   976 | D:2      | Found Pubexuaru's Distillery.
  1228 | D:2      | Noticed Jessica
  1251 | D:2      | Killed Jessica
  1252 | D:2      | Reached XP level 4. HP: 35/35 MP: 4/4
  1314 | D:2      | HP: 1/35 [poisoned by an adder]
  1315 | D:2      | Reached skill level 5 in Axes
  2002 | D:2      | Noticed Robin
  2018 | D:2      | Killed Robin
  2019 | D:2      | Reached XP level 5. HP: 41/41 MP: 5/5
  2019 | D:2      | Reached ** piety under Trog
  2203 | D:3      | Reached skill level 6 in Axes
  2617 | D:3      | Reached XP level 6. HP: 47/47 MP: 6/6
  3039 | D:4      | Noticed Menkaure
  3051 | D:4      | Killed Menkaure
  3052 | D:4      | Reached skill level 7 in Axes
  3052 | D:4      | Reached XP level 7. HP: 37/52 MP: 7/7
  3259 | D:4      | Found a large runed translucent door.
  3260 | D:4      | Found a large runed translucent door.
  3371 | D:4      | Reached skill level 8 in Axes
  3416 | D:4      | Noticed Eustachio
  3433 | D:4      | Killed Eustachio
  3649 | D:4      | Reached skill level 9 in Axes
  3649 | D:4      | Reached XP level 8. HP: 55/58 MP: 8/8
  3707 | D:4      | Reached *** piety under Trog
  3962 | D:4      | Found a broken altar of Ashenzari.
  3970 | D:4      | Found a shimmering blue altar of Sif Muna.
  4024 | D:5      | Entered Level 5 of the Dungeon
  4381 | D:5      | Identified the +0 pair of boots "Coofa" {rC+ rN+ Str+5}
  4465 | D:5      | Noticed Pikel
  4483 | D:5      | Killed Pikel
  4484 | D:5      | Reached skill level 10 in Axes
  4522 | D:5      | Reached XP level 9. HP: 61/63 MP: 9/9
  4528 | D:5      | Reached skill level 11 in Axes
  4653 | D:5      | Noticed Prince Ribbit
  4660 | D:5      | Killed Prince Ribbit
  4717 | D:5      | Identified the +6 hand axe "Wuxif" {holy, rPois rN+ Int+4}
  4752 | D:5      | Reached skill level 12 in Axes
  5147 | D:6      | Slain by an ogre

Illustrated notes

Levels and vault maps discovered:
D:1:      dpeg_arrival_lava_altar, layout_rooms, chequers_ecumenical_altar_lobes
D:2:      layout_basic, serial_shops, nicolae_shop_stone, uniq_robin,
          uniq_jessica
D:3:      minmay_roachtagon, layout_basic, minmay_crystal_room
D:4:      layout_loops_corners, jmf_multi_god_temple2,
          cheibrodos_sewer_entry_sluice, kennysheep_generic_room_13,
          uniq_eustachio, uniq_menkaure
D:5:      layout_loops_cross, corexii_leaking_fountain, uniq_prince_ribbit1,
          uniq_pikel
D:6:      layout_loops_cross

Skill      XL: |  1  2  3  4  5  6  7  8  9 |
---------------+----------------------------+-----
Axes           | 4 5 6 7 9 10 12 | 12.0
Fighting       | |  3.0
Armour         | |  2.0
Dodging        | |  2.0

Action                   |  1- 3 |  4- 6 |  7- 9 || total
-------------------------+-------+-------+-------++-------
Melee: Hand axe          |    66 |   161 |   161 ||   388
Invok: Berserk           |     1 |     3 |     6 ||    10
  Use: Potion            |       |     2 |       ||     2
       Scroll            |       |     8 |       ||     8
Armor: Animal skin       |     6 |       |       ||     6
       Leather armour    |     9 |       |       ||     9
       Ring mail         |     8 |     7 |       ||    15
       Chain mail        |       |    64 |    64 ||   128
Dodge: Dodged            |    61 |    74 |    69 ||   204

Table legend: (Time is in decaauts)
 A = Elapsed time spent in this place.
 B = Non-inter-level travel time spent in this place.
 C = Inter-level travel time spent in this place.
 D = Time resting spent in this place.
 E = Time spent auto-exploring this place.
 F = Levels seen in this place.
 G = Mean time per level.
                   A        B        C        D        E       F      G
               +--------+--------+--------+--------+--------+-----+--------+
         Total |   5226 |   4993 |    233 |    404 |   3523 |   6 |  871.0 |
       Dungeon |   5226 |   4993 |    233 |    404 |   3523 |   6 |  871.0 |
               +--------+--------+--------+--------+--------+-----+--------+

Top non-repeatable levels by time:
     D:2: 1250 daAuts
     D:4: 1247 daAuts
     D:5: 984 daAuts
     D:1: 866 daAuts
     D:3: 720 daAuts
     D:6: 157 daAuts
